 Dungeon Crawl Stone Soup version 0.28.0-45-g0d030f2227 (webtiles) character file.

Game seed: 4220104710425501625

77 protoss039 the Chopper (level 4, -5/27 HPs)
             Began as a Gargoyle Gladiator on Apr 12, 2022.
             Slain by Crazy Yiuf
             ... wielding a +4 quarterstaff of chaos
              (12 damage)
             ... on level 2 of the Dungeon.
             The game lasted 00:02:21 (1617 turns).

protoss039 the Chopper (Gargoyle Gladiator)         Turns: 1617, Time: 00:02:22

Health: -5/27      AC:  7    Str: 19    XL:     4   Next: 34%
Magic:  0/4        EV: 12    Int:  9    God:
Gold:   67         SH:  0    Dex: 11    Spells: 3/3 levels left

rFire   . . .      SeeInvis .   a - +0 war axe
rCold   . . .      Faith    .   (no shield)
rNeg    + . .      Spirit   .   b - +0 leather armour
rPois   ∞          Reflect  .   c - +0 helmet
rElec   +          Harm     .   (no cloak)
rCorr   .          Rampage  .   (no gloves)
Will    .....                   (no boots)
Stlth   +.........              (no amulet)
HPRegen 0.09/turn               (no ring)
MPRegen 0.09/turn               (no ring)

@: invisible
A: sickness immunity, AC +3, negative energy resistance 1, electricity
resistance, torment resistance 1, petrification resistance
a: no special abilities


You were on level 2 of the Dungeon.
You visited 1 branch of the dungeon, and saw 2 of its levels.

You collected 67 gold pieces.

Inventory:

Hand Weapons
 a - a +0 war axe (weapon)
 q - a +2 dagger of venom
Missiles
 d - 2 throwing nets (quivered)
Armour
 b - a +0 leather armour (worn)
 c - a +0 helmet (worn)
Scrolls
 e - a scroll of fear {unknown}
 f - a scroll of immolation {unknown}
 h - 2 scrolls of enchant armour {unknown}
 i - a scroll of brand weapon {unknown}
 l - a scroll of teleportation {unknown}
 o - a scroll of fog {unknown}
Potions
 g - a potion of cancellation {unknown}
 j - a potion of invisibility {unknown}
 k - a potion of curing {unknown}
 m - a potion of magic {unknown}
 n - a potion of lignification {unknown}
 p - a potion of flight {unknown}


   Skills:
 + Level 2.9 Fighting
 + Level 3.2 Axes
 - Level 2.0 Throwing
 + Level 1.7 Armour
 - Level 3.0 Dodging


You had 3 spell levels left.
You didn't know any spells.
Your spell library contained the following spells:

 Spells                   Type           Power      Damage    Failure   Level
 Conjure Flame            Conj/Fire      0%         6-21      82%         3
 Ignite Poison            Fire/Tmut/Pois 0%         N/A       82%         3
 Sticky Flame             Conj/Fire      0%         2d3       99%         4


Dungeon Overview and Level Annotations

Branches:
Dungeon (2/15)

Altars:

Shops:
D:2 =!*(

Annotations:
D:2 Crazy Yiuf


Innate Abilities, Weirdness & Mutations

You are immune to sickness and miasma.
Your stone body is resilient. (AC +3)
You are immune to poison.
You resist negative energy. (rN+)
You are resistant to electric shocks. (rElec)
You are resistant to unholy torment.
You are immune to petrification.


Message History

You open the door.
There is an open door here.
There is an entrance to Ubofeidu's Antique Weapon Emporium here.
Crazy Yiuf shouts!
Could not explore, unopened runed door.
Could not explore, unopened runed door.
Could not explore, unopened runed door.
Press: ? - help, v - describe, . - travel
Here: Crazy Yiuf, wielding a +4 quarterstaff of chaos and wearing a +0 cloak (fire blocked by a runed translucent door)
The floor.
Your +2 dagger of venom begins to drip with poison!
q - a +2 dagger of venom (weapon)
Unknown command.
You open the door.
Unknown command.
You hit Crazy Yiuf but do no damage.
Crazy Yiuf is poisoned.
Crazy Yiuf hits you with a +4 quarterstaff of chaos!
You fade into invisibility!
Unknown command.
You barely miss Crazy Yiuf.
Crazy Yiuf hits you with a +4 quarterstaff of chaos.
Crazy Yiuf burns you.
Unknown command.
You closely miss Crazy Yiuf.
Crazy Yiuf hits you with a +4 quarterstaff of chaos!
* * * LOW HITPOINT WARNING * * *
You feel your power leaking away.
Unknown command.
Unknown command.
Okay, then.
Your +2 dagger of venom stops dripping with poison.
a - a +0 war axe (weapon)
Crazy Yiuf cries, "Cod green koolooloo!"
Crazy Yiuf closely misses you.
Unknown command.
Unknown command.
You barely miss Crazy Yiuf. Your punch misses Crazy Yiuf.
Crazy Yiuf is moderately wounded.
Crazy Yiuf hits you with a +4 quarterstaff of chaos!
You die...

+<##.......#####..##
####'####### #....#
##..†....# ♣....♣
##..†....# ♣♣.P.♣
#.......# ♣♣.♣♣
#.......# ♣♣.♣
#.......# ♣.♣♣
##.......# ♣♣.♣
.........# ♣@♣♣
##.......### #g#
.'.......(.# ...
##.......### #...#
...........# #)..#
##.......### #####
#.......# #########


You could see Crazy Yiuf (very poisoned).

Vanquished Creatures
  Terence (D:2)
  An adder (D:2)
  2 worms (D:2)
  A bat (D:1)
  An endoplasm (D:1)
  5 giant cockroaches
  5 hobgoblins
  2 quokkas (D:2)
  2 ball pythons (D:2)
  2 frilled lizards (D:1)
  5 goblins
  3 kobolds
  3 rats
33 creatures vanquished.

Notes
Turn   | Place    | Note
-------+----------+-------------------------------------------
     0 | D:1      | protoss039 the Gargoyle Gladiator began the quest for the
                  | Orb.
     0 | D:1      | Reached XP level 1. HP: 12/12 MP: 1/1
    31 | D:1      | Reached XP level 2. HP: 16/17 MP: 2/2
   369 | D:1      | Found a faded altar of an unknown god.
   675 | D:2      | Found Ovallem's Jewellery Shop.
   711 | D:2      | Found Onol's Distillery.
   746 | D:2      | Noticed Terence
   749 | D:2      | Reached skill level 1 in Armour
   749 | D:2      | Reached XP level 3. HP: 21/22 MP: 3/3
   811 | D:2      | Found Ubofeidu's Antique Weapon Emporium.
   828 | D:2      | Killed Terence
   829 | D:2      | Reached XP level 4. HP: 22/27 MP: 4/4
   961 | D:2      | Found a runed translucent door.
   962 | D:2      | Noticed Crazy Yiuf
  1175 | D:2      | Found Qarone's Assorted Antiques.
  1617 | D:2      | Slain by Crazy Yiuf

Illustrated notes

Levels and vault maps discovered:
D:1:      lemuel_arrival_lava_pool, layout_rooms,
          shapermc_ecumenical_altar_mp_vishouse, serial_park_tiny_1
D:2:      layout_basic, serial_shops, shop, shop, nicolae_lakefront_shop,
          nicolae_diamond_shop, grunt_decor_one_mirror, uniq_crazy_yiuf_cottage,
          uniq_terence

Skill      XL: |  1  2  3 |
---------------+----------+-----
Throwing       | 2 |  2.0
Armour         | 1 |  1.7
Axes           | 3 |  3.2
Dodging        | 3 |  3.0
Fighting       | |  2.9

Action                   |  1- 3 |  4- 6 || total
-------------------------+-------+-------++-------
Melee: War axe           |    57 |    20 ||    77
       Punch             |     1 |     1 ||     2
       Dagger            |       |     3 ||     3
Throw: Throwing net      |     2 |       ||     2
 Stab: Sleeping          |     1 |       ||     1
Armor: Leather armour    |    24 |     9 ||    33
Dodge: Dodged            |    34 |    11 ||    45
